 Dungeon Crawl Stone Soup version 0.23-a0-642-g3120c2f (webtiles) character file.

1020 Borgoz the Skirmisher (level 8, -3/69 HPs)
             Began as a Ghoul Abyssal Knight on Dec 30, 2018.
             Was a Believer of Lugonu.
             Slain by a scorpion (4 damage)
             ... on level 5 of the Dungeon.
             The game lasted 00:08:40 (4838 turns).

Borgoz the Skirmisher (Ghoul Abyssal Knight)        Turns: 4838, Time: 00:08:41

Health: -3/69      AC:  8    Str: 16    XL:     8   Next: 22%
Magic:  10/10      EV: 13    Int:  7    God:    Lugonu [**....]
Gold:   238        SH:  0    Dex: 10    Spells: 7/7 levels left

rFire    . . .     SeeInvis .     - Unarmed
rCold    + + .     Gourm    .   (no shield)
rNeg     + + +     Faith    .   w - +2 leather armour {rC+}
rPois    ∞         Spirit   .   e - +0 helmet
rElec    .         Reflect  .   (no cloak)
rCorr    .         Harm     .   (no gloves)
MR       .....                  r - +1 pair of boots
Stlth    +.........             v - amulet of magic regeneration
HPRegen  0.00/turn              (no ring)
MPRegen  0.37/turn              (no ring)

@: rotting
A: rotting body, claws 1, carnivore, cold resistance 1, negative energy
resistance 3, inhibited regeneration, torment resistance, unbreathing
a: Depart the Abyss, Bend Space, Renounce Religion


You were on level 5 of the Dungeon.
You worshipped Lugonu.
Lugonu was pleased with you.
You were not hungry.

You visited 1 branch of the dungeon, and saw 6 of its levels.
You visited the Abyss 1 time.

You collected 238 gold pieces.

Inventory:

Armour
 e - a +0 helmet (worn)
 o - the cursed +1 leather armour "Urodwima" {MR+ Str+4, unknown}
   (You found it on level 5 of the Dungeon)

   It affects your strength (+4).
   It affects your resistance to hostile enchantments.
   It has a curse placed upon it.
 r - a +1 pair of boots (worn)
 w - a +2 leather armour of cold resistance (worn)
Jewellery
 c - an uncursed ring of magical power
 l - an uncursed ring of ice
 v - an amulet of magic regeneration (around neck)
 y - an uncursed ring of resist corrosion {unknown}
Wands
 z - a wand of random effects (23)
Scrolls
 d - 3 scrolls of remove curse
 h - 2 scrolls of enchant weapon {unknown}
 j - a scroll of amnesia {unknown}
 n - a scroll of immolation {unknown}
 q - a scroll of fog {unknown}
 s - 3 scrolls of teleportation {unknown}
 t - 4 scrolls of identify {unknown}
 x - a scroll of blinking {unknown}
Potions
 a - a potion of flight {unknown}
 f - a potion of degeneration
 g - 2 potions of invisibility {unknown}
 i - a potion of haste
 k - a potion of magic {unknown}
 m - a potion of heal wounds {unknown}
 p - 7 potions of curing
 u - a potion of berserk rage {unknown}
 A - a potion of cancellation {unknown}
Comestibles
 b - 10 rations
 B - 2 chunks of flesh


   Skills:
 + Level 5.6 Fighting
 + Level 4.1 Armour
 + Level 3.7 Dodging
 + Level 5.0 Unarmed Combat
 + Level 4.8 Invocations


You had 7 spell levels left.
You didn't know any spells.
Your spell library was empty.

Dungeon Overview and Level Annotations

Branches:
Dungeon (6/15)
 Temple: D:4-7

Altars:
Okawaru
Yredelemnul
Zin


Innate Abilities, Weirdness & Mutations

Your body is rotting away.
You thrive on raw meat.
You are immune to poison.
You have sharp fingernails.
You are carnivorous and can eat meat at any time.
Your flesh is cold resistant. (rC+)
You are immune to negative energy. (rN+++)
You do not regenerate when monsters are visible.
You are immune to unholy pain and torment.
You can survive without breathing.


Message History

The scorpion is moderately wounded.
The scorpion stings you!
* * * LOW HITPOINT WARNING * * *
You barely miss the scorpion.
The scorpion is moderately wounded.
The scorpion barely misses you.
You scratch the scorpion.
The scorpion is heavily wounded.
The scorpion completely misses you.
You completely miss the scorpion.
The scorpion is heavily wounded.
The scorpion stings you but does no damage.
You claw the scorpion!
The scorpion is almost dead.
The scorpion stings you.
* * * LOW HITPOINT WARNING * * *
You scratch the scorpion but do no damage.
The scorpion is almost dead.
The scorpion stings you.
You die...

#. #. #.
######.## ##
........##.##.#
........#......
.............#
#######s##.###
# #@# #.#####
#.#
###.....####.#
#............#
.#####.####.#
.# #.# #.# .#
#.####.# #.#
#.....<# #.#
#.####.#


You could see a scorpion.

Vanquished Creatures
  Sigmund (D:2)
  Edmund (D:5)
  Duvessa (D:4)
  An ogre (D:4)
  Dowan (D:4)
  2 scorpions (D:4)
  3 orc wizards
  A hound (D:4)
  An iguana (D:5)
  A worker ant (D:5)
  A hound skeleton (D:5)
  9 adders
  3 gnolls
  A howler monkey skeleton (D:5)
  An ooze (D:3)
  2 adder skeletons
  2 worms
  2 dart slugs (D:3)
  A leopard gecko (D:1)
  9 orcs
  3 giant cockroaches
  7 hobgoblins
  6 jackals
  5 quokkas
  8 bats
  3 frilled lizards
  9 goblins
  6 kobolds
  A quokka skeleton (D:4)
  8 rats
100 creatures vanquished.

Notes
Turn   | Place    | Note
-------+----------+-------------------------------------------
     0 | Abyss:1  | Borgoz the Ghoul Abyssal Knight began the quest for the
                  | Orb.
     0 | Abyss:1  | Reached XP level 1. HP: 19/19 MP: 1/1
   127 | Abyss:1  | Found a corrupted altar of Lugonu.
   189 | Abyss:1  | Noticed a ynoxinul
   190 | D:1      | Escaped the Abyss
   268 | D:1      | Reached * piety under Lugonu
   268 | D:1      | Reached skill level 1 in Dodging
   427 | D:1      | Reached XP level 2. HP: 26/26 MP: 2/2
  1192 | D:2      | Reached XP level 3. HP: 29/30 MP: 3/3
  1539 | D:2      | Noticed Sigmund
  1564 | D:2      | Killed Sigmund
  1564 | D:2      | Reached XP level 4. HP: 10/40 MP: 5/5
  1564 | D:2      | Reached XP level 5. HP: 11/46 MP: 6/6
  1834 | D:2      | Reached XP level 6. HP: 37/52 MP: 7/7
  2312 | D:3      | Reached ** piety under Lugonu
  3193 | D:4      | Reached XP level 7. HP: 35/60 MP: 8/8
  3424 | D:4      | Noticed Duvessa
  3424 | D:4      | Noticed Dowan
  3564 | D:4      | Killed Duvessa
  3664 | D:4      | Reached skill level 5 in Fighting
  3938 | D:4      | Found an iron altar of Okawaru.
  3938 | D:4      | Found a faded altar of an unknown god.
  3943 | D:4      | Found a glowing silver altar of Zin.
  3945 | D:4      | Found a faded altar of an unknown god.
  3946 | D:4      | Found a basalt altar of Yredelemnul.
  4254 | D:4      | Killed Dowan
  4413 | D:5      | Entered Level 5 of the Dungeon
  4438 | D:5      | Got a heavily runed leather armour
  4684 | D:5      | Reached XP level 8. HP: 69/69 MP: 10/10
  4806 | D:5      | Noticed Edmund
  4827 | D:5      | Killed Edmund
  4827 | D:5      | Reached skill level 5 in Unarmed Combat
  4837 | D:5      | HP: 1/69 [scorpion (5)]
  4838 | D:5      | Slain by a scorpion

Vault maps used:
D:1:      dpeg_arrival_leaves_temple_mockup
D:2:      uniq_sigmund
D:3:      first_ration, minmay_misc_feat_x
D:4:      chequers_temple_overflow_minitemple, serial_corexii_hall,
          corexii_hall_statues_x, chequers_hall_statues_corner_a, uniq_duvessa
D:5:      guppyfry_early_lair_pool, uniq_edmund
D:6:      nemelex_xobeh_ov_fountains_minmay, gammafunk_ghost_arena

Skill      XL: |  1  2  3  4  5  6  7  8 |
---------------+-------------------------+-----
Dodging        | 1 2 3 |  3.7
Armour         | 2 3 4 |  4.1
Fighting       | 4 5 |  5.6
Unarmed Combat | 3 4 5 |  5.0
Invocations    | 3 4 |  4.8

Action                   |  1- 3 |  4- 6 |  7- 9 || total
-------------------------+-------+-------+-------++-------
Melee: Unarmed           |   141 |   172 |   223 ||   536
       Punch             |     2 |     2 |       ||     4
Invok: Depart the Abyss  |     1 |       |       ||     1
  Use: Potion            |     6 |       |       ||     6
       Scroll            |       |     1 |       ||     1
  Eat: Chunk             |     7 |    12 |    14 ||    33
Armor: Leather armour    |    44 |    33 |    50 ||   127
Dodge: Dodged            |   106 |    90 |   122 ||   318

Table legend:
 A = Non-vault XP
 B = Vault XP
 C = Vault XP percentage of total XP
 D = Non-vault monster count
 E = Vault monster count
 F = Vault count percentage of total count
                 A         B        C        D         E       F
            +---------+---------+-------+---------+---------+-------
      Total |     799 |     659 |  45.2 |      92 |       8 |   8.0
            +---------+---------+-------+---------+---------+-------
        D:1 |      30 |       0 |   0.0 |      18 |       0 |   0.0
        D:2 |     100 |     227 |  69.4 |      27 |       1 |   3.6
        D:3 |     167 |       0 |   0.0 |      22 |       0 |   0.0
        D:4 |     333 |     226 |  40.4 |      14 |       2 |  12.5
        D:5 |     117 |     206 |  63.8 |       7 |       5 |  41.7
        D:6 |      52 |       0 |   0.0 |       4 |       0 |   0.0
            +---------+---------+-------+---------+---------+-------
